 Dungeon Crawl Stone Soup version 0.16.1 (webtiles) character file.

112 Palladion the Gusty (level 4, -1/24 HPs)
             Began as a Tengu Air Elementalist on Mar 23, 2015.
             Shot with an arrow by a centaur (12 damage)
             ... on level 3 of the Dungeon.
             The game lasted 00:05:46 (2445 turns).

Palladion the Gusty (Tengu Air Elementalist)        Turns: 2445, Time: 00:05:46

Health: -1/24      AC:  5    Str: 14    XL:     4   Next: 95%
Magic:  10/10      EV: 12    Int: 22    God:
Gold:   118        SH:  0    Dex: 14    Spells: 1 memorised, 8 levels left

rFire  . . .     SeeInvis .     v - +2 dagger (holy)
rCold  . . .     Clarity  .     a - +0 robe
rNeg   . . .     SustAb   .     (no shield)
rPois  .         Gourm    .     f - +0 hat
rElec  .         Spirit   .     t - +2 cloak
rCorr  .         Warding  .     (no gloves)
rMut   .         Stasis   .     (boots unavailable)
MR     .....                    (no amulet)
Stlth  +.........               (no ring)
                                l - +6 ring of intelligence

@: confused, mighty, not resistant to hostile enchantments, very unstealthy
A: beak, talons 3
a: no special abilities


You were on level 3 of the Dungeon.
You were not hungry.

You visited 1 branch of the dungeon, and saw 3 of its levels.

You collected 118 gold pieces.

Inventory:

Hand weapons
 v - a +2 dagger of holy wrath (weapon)
Armour
 a - a +0 robe (worn)
 f - a +0 hat (worn)
 t - a +2 cloak (worn)
Jewellery
 l - a +6 ring of intelligence (left hand)
 u - a +5 ring of evasion {unknown}
Magical devices
 x - a wand of paralysis (13)
Scrolls
 g - 3 scrolls of identify {unknown}
 h - 4 scrolls of teleportation {unknown}
 i - a scroll of fear {unknown}
 j - a scroll of enchant weapon {unknown}
 p - a scroll of random uselessness {unknown}
 q - 3 scrolls of magic mapping {unknown}
 r - a scroll of remove curse {unknown}
 w - a scroll of enchant armour {unknown}
 y - a scroll of amnesia {unknown}
Potions
 e - a potion of magic {unknown}
 k - a potion of might
 m - a potion of beneficial mutation {unknown}
 n - a potion of invisibility {unknown}
 s - a potion of cure mutation {unknown}
Books
 b - a book of Air

   Spells                             Type                      Level
   a - Shock                          Conjuration/Air              1
   b - Swiftness                      Charms/Air                   2
   c - Repel Missiles                 Charms/Air                   2
   d - Flight                         Charms/Air                   3
   e - Static Discharge               Conjuration/Air              3
   f - Lightning Bolt                 Conjuration/Air              5
Comestibles
 c - 3 bread rations
 d - 4 meat rations
 z - a beef jerky


   Skills:
 - Level 2.1 Dodging
 - Level 2.0 Stealth
 + Level 3.0 Spellcasting
 + Level 3.4 Conjurations
 + Level 5.3 Air Magic


You had 8 spell levels left.
You knew the following spells:

 Your Spells              Type           Power        Failure   Level  Hunger
a - Shock                 Conj/Air       ###.         1%          1    None


Dungeon Overview and Level Annotations

Branches:
Dungeon (3/15)

Altars:


Innate Abilities, Weirdness & Mutations

You have a beak for a mouth.
You have claws for feet.


Message History

* * * LOW HITPOINT WARNING * * *
Drink which item? (? for menu, Esc to quit)
Okay, then.
Drink which item? (? for menu, Esc to quit)
It was a potion of might.
You feel very mighty all of a sudden.
Drink which item? (? for menu, Esc to quit)
It was a potion of ambrosia.
You are confused.
You feel invigorated.
The centaur shoots an arrow.
The arrow hits you.
The centaur shoots an arrow.
The arrow hits you.
You feel less invigorated.
You feel less confused.
The centaur shoots an arrow.
The arrow hits you.
Drink which item? (? for menu, Esc to quit)
You are confused.
You feel invigorated.
The centaur shoots an arrow.
The arrow hits you!
Ouch! That really hurt!
You die...

#......# #.#
#...†..# #.#
#....#.# #.#
#....#.# #.#
####(...#.# #.#
.......># #.#
.###....# #.# .#
####.# #.# .# .#
#@#
.######.#.######.#
..............(c.#
#######.......####
....... ..c?...
....... ......
.....


You could see a centaur.

Vanquished Creatures
  8 adders (D:2)
  A giant gecko (D:3)
  6 ball pythons
  2 giant cockroaches
  A hobgoblin (D:2)
  4 kobolds
  A quokka (D:2)
  7 bats
  A giant newt (D:2)
  6 goblins
  4 rats (D:2)
41 creatures vanquished.

Notes
Turn   | Place    | Note
--------------------------------------------------------------
     0 | D:1      | Palladion, the Tengu Air Elementalist, began the quest for the Orb.
     0 | D:1      | Reached XP level 1. HP: 10/10 MP: 3/3
   991 | D:1      | Reached XP level 2. HP: 15/15 MP: 3/5
  1190 | D:2      | Reached XP level 3. HP: 16/19 MP: 4/7
  1463 | D:2      | Reached skill level 5 in Air Magic
  1463 | D:2      | Reached XP level 4. HP: 20/24 MP: 2/9
  2435 | D:3      | Noticed a centaur
  2437 | D:3      | HP: 1/24 [centaur/arrow (8)]
  2445 | D:3      | Shot with an arrow by a centaur

Action                   |  1- 3 |  4- 6 || total
-------------------------+-------+-------++-------
Melee: Unarmed           |     9 |       ||     9
 Cast: Shock             |    45 |    34 ||    79
  Use: Potion            |       |     3 ||     3
  Eat: Chunk             |     2 |     3 ||     5
